AoeStats
← Westbergen

Nomad

510747674Analyzed
4v4 RM · 17h ago on Oct 2, 2026· 47m 48s· 8 players
Game mode
Random Map
Map size
231×231
Population
200
Speed
Normal
Resources
Standard
Victory
Conquest
Starting age
Dark Age
Ending age
Imperial Age
RankedLock teamsTeams togetherTeam positionsShared explorationLock speedFull tech treeHidden civsTurbo modeCheats
Victory
Defeat
🇨🇴 Varangians · Colombia
1301
+14
🇸🇪 Malians · Sweden
1276
+15
🇺🇸 Tupi · United States
1235
+17
🇸🇪 Franks · Sweden
1104
+22
🇦🇷 Spanish · Argentina
1393
-23
🇦🇷 Danes · Argentina
1309
-19
🇹🇼 Huns · Taiwan
1197
-15
🇦🇷 Vietnamese · Argentina
1093
-11
Zenar
4:45 Loom
14:50 Feudal Age
19:06 Castle Age
17:28 Fishing Lines
19:47 Double-Bit Axe
21:17 Bow Saw
21:24 Fletching
21:34 Padded Archer Armor
23:17 Bodkin Arrow
23:41 Leather Archer Armor
24:04 Gillnets
28:22 Wheelbarrow
28:39 Horse Collar
30:26 Ballistics
33:37 Heavy Plow
39:03 Imperial Age
36:40 Gold Mining
40:37 Conscription
40:00 Elite Blackwood Archer
41:08 Conscription
41:20 Bracer
41:58 Ring Archer Armor
42:37 Chemistry
42:43 Curare
43:29 Hand Cart
46:50 Gold Shaft Mining
46:10 Stone Mining
jaimeerp
5:41 Loom
6:08 Loom
13:15 Feudal Age
13:44 Double-Bit Axe
21:11 Castle Age
22:22 Medium Warships
22:51 Bow Saw
22:44 Gold Mining
23:23 Careening
23:29 Clinker Construction
26:00 Horse Collar
27:32 Fletching
28:20 Heavy Plow
30:57 Bodkin Arrow
33:25 Fishing Lines
35:18 Padded Archer Armor
35:45 Siphons
36:30 Wheelbarrow
36:38 Leather Archer Armor
36:20 Elite Skirmisher
37:54 Ballistics
41:32 Imperial Age
39:38 Masonry
40:58 Hand Cart
40:37 Stone Mining
42:17 Bracer
43:38 Ring Archer Armor
44:10 Chemistry
44:18 Conscription
johansoderstrom1
3:47 Loom
14:19 Feudal Age
18:39 Castle Age
17:43 Double-Bit Axe
21:22 Bow Saw
24:13 Horse Collar
25:52 Wheelbarrow
26:03 Squires
26:59 Scale Mail Armor
29:22 Fletching
29:59 Elite Skirmisher
31:00 Bodkin Arrow
33:33 Ballistics
37:52 Imperial Age
37:24 Tigui
40:04 Chain Mail Armor
39:59 Forging
40:31 Gold Mining
40:31 Stone Mining
41:35 Heavy Plow
45:48 Gold Shaft Mining
45:27 Elite Gbeto
46:21 Murder Holes
47:32 Chemistry
47:49 Hoardings
47:49 Conscription
Westbergen
12:47 Feudal Age
19:18 Castle Age
18:44 Double-Bit Axe
26:57 Wheelbarrow
30:54 Fletching
38:53 Gold Mining
43:20 Bodkin Arrow
43:26 Padded Archer Armor
xoxodniw
3:47 Loom
17:31 Feudal Age
18:19 Double-Bit Axe
21:13 Castle Age
19:18 Fletching
19:28 Padded Archer Armor
21:22 Wheelbarrow
21:57 Bodkin Arrow
22:13 Bow Saw
22:06 Gold Mining
22:52 Leather Archer Armor
24:55 Gold Shaft Mining
26:08 Hand Cart
26:17 Husbandry
28:12 Horse Collar
29:02 Stone Mining
30:31 Bloodlines
32:20 Heavy Plow
34:19 Ballistics
38:37 Imperial Age
36:46 Forging
36:55 Scale Barding Armor
38:20 Iron Casting
39:30 Chain Barding Armor
39:39 Guilds
41:13 Plate Barding Armor
42:01 Blast Furnace
40:45 Cavalier
42:34 Plate Barding Armor
44:21 Blast Furnace
Roswel
5:51 Loom
13:59 Feudal Age
18:57 Castle Age
21:27 Forging
28:47 Double-Bit Axe
28:44 Horse Collar
32:41 Scale Mail Armor
35:48 Squires
37:13 Chain Mail Armor
42:16 Iron Casting
45:07 Imperial Age
43:42 Gambesons
43:46 Arson
45:59 Elite Jomsviking
47:12 Conscription
49:22 Blast Furnace
Seba
4:08 Loom
13:34 Feudal Age
14:02 Double-Bit Axe
14:25 Fishing Lines
15:22 Wheelbarrow
16:12 Town Watch
18:44 Gold Mining
18:36 Horse Collar
19:12 Fletching
24:21 Castle Age
23:11 Stone Mining
24:07 Padded Archer Armor
25:13 Medium Warships
25:24 Bow Saw
25:53 Stone Shaft Mining
26:24 Gillnets
27:28 Careening
27:53 Clinker Construction
30:18 Bodkin Arrow
30:45 Ballistics
33:24 Leather Archer Armor
34:48 Heavy Plow
35:51 Treadmill Crane
39:13 Thumb Ring
39:30 Guard Tower
40:17 Guard Tower
__10_Jeringa_Arg
6:03 Loom
15:53 Feudal Age
21:26 Castle Age
20:30 Horse Collar
24:15 Sanctity
24:10 Fervor
23:59 Gold Mining
24:41 Town Watch
31:57 Fletching
34:52 Guard Tower
37:40 Ballistics
41:18 Double-Bit Axe
42:07 Bodkin Arrow
45:36 Elite Skirmisher
46:31 Padded Archer Armor
Connection lost

Rejoining the realm…

Still unreachable

The connection could not be restored.

Session expired

The server has moved on; the page needs a fresh start.